 Dungeon Crawl Stone Soup version 0.21-a0-584-g185da8e (webtiles) character file.

2 Amnesiac the Insei (level 1, 0/13 HPs)
             Began as an Octopode Transmuter on Dec 20, 2017.
             Slain by a hobgoblin (4 damage)
             ... on level 1 of the Dungeon.
             The game lasted 00:00:09 (85 turns).

Amnesiac the Insei (Octopode Transmuter)              Turns: 85, Time: 00:00:09

Health: 0/13       AC:  1    Str:  9    XL:     1   Next: 30%
Magic:  3/3        EV: 13    Int: 15    God:
Gold:   0          SH:  0    Dex: 12    Spells: 3/4 levels left

rFire    . . .     SeeInvis .     - Unarmed
rCold    . . .     Gourm    .   (no shield)
rNeg     . . .     Faith    .   (helmet restricted)
rPois    .         Spirit   .   (no amulet)
rElec    .         Reflect  .   (no ring)
rCorr    .         Harm     .   (no ring)
MR       .....                  (no ring)
Stlth    ++........             (no ring)
HPRegen  0.04/turn              (no ring)
MPRegen  0.08/turn              (no ring)
                                (no ring)
                                (no ring)

@: no status effects
A: almost no armour, stealthy swim, amphibious, 8 rings, constrict 8, camouflage
1, gelatinous body 1
a: no special abilities


You were on level 1 of the Dungeon.
You were not hungry.

You visited 1 branch of the dungeon, and saw 1 of its levels.

Inventory:

Missiles
 a - 12 arrows
Scrolls
 d - a scroll of random uselessness {!r, unknown}
Books
 b - a book of Changes

   Spells                             Type                      Level
   a - Beastly Appendage              Transmutation                1
   b - Sticks to Snakes               Transmutation                2
   c - Spider Form                    Transmutation/Poison         3
   d - Ice Form                       Ice/Transmutation            4
   e - Blade Hands                    Transmutation                5
Comestibles
 c - 2 rations
 f - a chunk of flesh


   Skills:
 + Level 1.3 Fighting
 - Level 2.0 Dodging
 - Level 3.0 Unarmed Combat
 - Level 2.0 Spellcasting
 - Level 2.0 Transmutations


You had 3 spell levels left.
You knew the following spells:

 Your Spells              Type           Power        Failure   Level  Hunger
a - Beastly Appendage     Tmut           #.....       10%         1    #......


Dungeon Overview and Level Annotations

Branches:
Dungeon (1/15)

Altars:


Innate Abilities, Weirdness & Mutations

You cannot wear most types of armour.
You are very stealthy in the water. (Stealth+)
You are amphibious.
You can wear up to eight rings at the same time.
You can use your tentacles to constrict eight enemies at once.
Your skin changes colour to match your surroundings (Stealth+).
Your rubbery body absorbs attacks. (AC +1, EV +1)


Message History

Welcome, Amnesiac the Octopode Transmuter.
Will you prevail where others failed? Will you find the Orb of Zot?
Press ? for a list of commands and other information.
Found a staircase leading out of the dungeon.
Sorry, you're not good enough to have a special ability.
Unknown command.
You open the door.
There is an open door here.
d - a scroll labeled NOATZYSUNU {!r} No target in view!
You open the door.
Found an escape hatch in the floor.
No target in view!
There is an open door here.
A bat comes into view.
A bat is nearby!
The bat misses you.
A bat is nearby!
The bat hits you. x2
A bat is nearby!
You miss the bat. The bat misses you. The bat completely misses you.
You barely miss the bat. The bat misses you. The bat hits you.
You closely miss the bat. The bat hits you. The bat misses you.
You miss the bat. You squeeze the bat.
You kill the bat!
No target in view!
No target in view!
No target in view!
No target in view!
No target in view!
No target in view!
No target in view!
No target in view!
You butcher the bat corpse.
f - a chunk of flesh
c - 2 rations (gained 1)
Found 8 stones.
No target in view!
You see here 8 stones.
HP restored.
A hobgoblin and a kobold come into view.
The kobold shouts!
The kobold throws a stone.
The stone barely misses you.
A kobold comes into view. It is wielding a dagger.
The kobold throws a stone.
The stone barely misses you.
You see here a scroll labeled EDWANW NEGITH {!r}.
There are monsters nearby!
The kobold throws a stone.
The stone hits you but does no damage.
You see here a stone.
There are monsters nearby!
You barely miss the hobgoblin.
The kobold shouts!
There are monsters nearby!
You closely miss the kobold. You grab the kobold.
You constrict the kobold, but do no damage.
The hobgoblin hits you. The kobold completely misses you.
You tentacle-slap the kobold.
You kill the kobold!
The hobgoblin hits you.
* * * LOW HITPOINT WARNING * * *
You tentacle-slap the hobgoblin but do no damage.
The hobgoblin hits you.
You die...

####### +.(...
##..#############
#................
######?###############
#....@........
#.##)gK...####
#........# #........#
###.#....# ## #.#....#
.#. #.###### .#. .#
.#. .#.


You could see a hobgoblin and a kobold.

Vanquished Creatures
  A kobold (D:1)
  A bat (D:1)
2 creatures vanquished.

Notes
Turn   | Place    | Note
-------+----------+-------------------------------------------
     0 | D:1      | Amnesiac the Octopode Transmuter began the quest for the Orb.
     0 | D:1      | Reached XP level 1. HP: 13/13 MP: 3/3
    85 | D:1      | Slain by a hobgoblin

Vault maps used:
D:1:      minmay_arrival_four_houses, item_on_display_a

Action                   || total
-------------------------++-------
Melee: Unarmed           ||     8
       Constrict         ||     1
       Tentacles         ||     1
Dodge: Dodged            ||     8

Table legend:
 A = Spawn XP
 B = Non-spawn XP
 C = Spawn XP percentage of total XP
 D = Spawn monster count
 E = Non-spawn monster count
 F = Spawn count percentage of total count
 G = Total turns spent on level
                    A         B        C        D         E        F      G
               +---------+---------+-------+---------+---------+-------+---------
         Total |       0 |       3 |   0.0 |       0 |       2 |   0.0 |    85
               +---------+---------+-------+---------+---------+-------+---------
           D:1 |       0 |       3 |   0.0 |       0 |       2 |   0.0 |    85
               +---------+---------+-------+---------+---------+-------+---------
